 Dungeon Crawl Stone Soup version 0.32-a0-996-gb3226c233f (webtiles) character file.

Game seed: 11860494646037055091

3798 TacoSundae the Basher (level 9, -1/79 HPs)
             Began as a Mountain Dwarf Fighter on Apr 23, 2024.
             Was a Priest of Okawaru.
             Succumbed to a hornet's poison
             ... while paralysed by a hornet
             ... on level 8 of the Dungeon.
             The game lasted 00:20:54 (8024 turns).

TacoSundae the Basher (Mountain Dwarf Fighter)      Turns: 8024, Time: 00:20:55

Health: -1/79      AC: 20    Str: 24    XL:     9   Next: 96%
Magic:  9/9        EV:  2    Int:  8    God:    Okawaru [***...]
Gold:   498        SH:  0    Dex:  9    Spells: 8/8 levels left

rFire   . . .        v - +1 mace (protect)
rCold   . . .        c - +0 buckler
rNeg    . . .        B - +0 chain mail
rPois   .            (no helmet)
rElec   .            p - +0 cloak
rCorr   .            (no gloves)
SInv    .            e - +0 pair of boots
Will    .....        (no amulet) Stlth
                     r - +5 ring of evasion
HPRegen 0.33/turn    (no ring)
MPRegen 0.11/turn

%: no passive effects
@: paralysed, lethally poisoned (-1 -> -16), under a protective aura, hasted and
slowed, studying Maces & Flails
A: runic magic, artefact enchanting
a: Renounce Religion, Heroism


You were on level 8 of the Dungeon.
You worshipped Okawaru.
Okawaru was most pleased with you.
You visited 2 branches of the dungeon, and saw 9 of its levels.
You also visited: Sewer.

You collected 660 gold pieces.
You spent 162 gold pieces at shops.

Inventory:

Hand Weapons
 a - a +1 flail
 v - a +1 mace of protection (weapon)
 A - a +2 war axe of freezing
Missiles
 d - 10 poisoned darts (quivered)
 o - a curare-tipped dart
 z - 6 boomerangs
Armour
 c - a +0 buckler (worn)
 e - a +0 pair of boots (worn)
 p - a +0 cloak (worn)
 B - a +0 chain mail (worn)
Jewellery
 j - a ring of ice
 r - a +5 ring of evasion (left hand)
Wands
 q - a wand of paralysis (5)
 y - a wand of digging (1)
 C - a wand of mindburst (11)
Scrolls
 b - a scroll of fear
 g - 4 scrolls of teleportation
 k - a scroll of fog
 t - a scroll of blinking
 w - a scroll of noise
 D - 2 scrolls of identify
Potions
 f - 4 potions of haste
 h - 4 potions of heal wounds
 i - 3 potions of cancellation
 l - 5 potions of curing
 m - a potion of ambrosia
 n - 2 potions of enlightenment
 s - a potion of invisibility
 u - a potion of attraction
 x - 3 potions of lignification


   Skills:
 + Level 7.5 Fighting
 + Level 13.6 Maces & Flails
 + Level 7.5 Armour
 + Level 7.5 Shields


You had 8 spell levels left.
You didn't know any spells.
Your spell library contained the following spells:

 Spells                   Type           Power      Damage    Failure   Level
 Magic Dart               Conj           0%         1d3       58%         1
 Blink                    Tloc           0%         N/A       75%         2
 Ensorcelled Hibernation  Hex/Ice        0%         N/A       75%         2
 Mercury Vapours          Alch/Air       0%         N/A       75%         2
 Sublimation of Blood     Necr           0%         N/A       75%         2
 Mephitic Cloud           Conj/Alch/Air  0%         N/A       92%         3
 Passwall                 Erth           0%         N/A       92%         3
 Swiftness                Air            0%         N/A       92%         3
 Brom's Barrelling Bould  Conj/Erth      0%         2d3       100%        4
 Curse of Agony           Necr           0%         N/A       100%        5
 Fireball                 Conj/Fire      0%         3d3       100%        5
 Freezing Cloud           Conj/Ice/Air   0%         6-21      100%        5
 Iskenderun's Battlesphe  Conj           0%         2d6       100%        5
 Conjure Ball Lightning   Conj/Air       0%         3x3d6     100%        6
 Orb of Destruction       Conj           0%         9d5       100%        7
 Rimeblight               Ice/Necr       0%         2d3       (prima100%   7
 Call Imp                 Summ           Unusable   N/A       N/A         2

Dungeon Overview and Level Annotations

Branches:
Dungeon (8/15)             Temple (1/1) D:6           Sewer (visited)
   Lair: D:8-11

Altars:
Ashenzari
Cheibriados
Fedhas
Gozag
Hepliaklqana
Kikubaaqudgha
Makhleb
Nemelex Xobeh
Okawaru
Qazlal
Ru
Sif Muna
Trog
Uskayaw
Wu Jian
Xom
Yredelemnul
Zin
The Shining One

Shops:
D:7 ?


Innate Abilities, Weirdness & Mutations

Your spellcasting is much less encumbered by armour.
You can use scrolls of enchantment on lesser artefacts.


Message History

The hornet is severely wounded.
You feel yourself speed up. You block the hornet's attack.
You closely miss the hornet.
The hornet is severely wounded.
The hornet completely misses you.
You hit the hornet.
The hornet is severely wounded.
You block the hornet's attack.
You barely miss the hornet.
The hornet is severely wounded.
You hit the hornet but do no damage.
The hornet is severely wounded.
The hornet stings you but does no damage.
You hit the hornet but do no damage.
The hornet is severely wounded.
The hornet stings you!
* * * LOW HITPOINT WARNING * * *
You are poisoned.
You feel yourself slow down.
You hit the hornet.
The hornet is severely wounded.
You feel very sick. The hornet barely misses you.
You hit the hornet.
The hornet is almost dead.
You feel sick. The hornet stings you.
* * * LOW HITPOINT WARNING * * *
You suddenly lose the ability to move!
You feel sick. The hornet stings you.
* * * LOW HITPOINT WARNING * * *
You shrug off the repeated paralysis!
You feel yourself speed up.
You feel sick. The hornet stings you.
* * * LOW HITPOINT WARNING * * *
You are lethally poisoned!
You feel yourself slow down. The hornet stings you.
* * * LOW HITPOINT WARNING * * *
You feel as though you will be slow longer.
You die...

#..#######. #..#
.# #..# .# #..#
.$ #..# .# #..#
.# #..#######.#
#..........#
.......####)##@##
####### #.##y#
#.##Y# #.##.#
...... ......
<..... .#.##..#


You could see a hornet and a sky beast.

Vanquished Creatures
  A gargoyle (D:8)
  Prince Ribbit (D:6)
  3 yaks (D:6)
  2 steam dragons (D:6)
  A wyvern (D:7)
  Menkaure (D:7)
  Duvessa (D:5)
  2 black bears
  An ice beast (D:7)
  5 ogres
  A phantom (D:5)
  2 bullfrogs (D:7)
  3 kobold brigands (Sewer)
  A brain worm (Sewer)
  A gnoll sergeant (D:7)
  2 scorpions (D:6)
  Dowan (D:5)
  A howler monkey (D:5)
  2 jellies (D:4)
  A bombardier beetle (D:6)
  2 hounds
  A gnoll bouda (D:4)
  2 orc priests
  A sleepcap (D:4)
  5 iguanas
  3 orc wizards (D:5)
  A river rat (D:4)
  9 adders
  16 gnolls
  A white imp (D:7)
  2 ufetubi (D:6)
  A ribbon worm (D:3)
  9 orcs
  7 ball pythons
  9 endoplasms
  5 giant cockroaches
  4 hobgoblins
  3 jackals (D:5)
  2 quokkas
  8 bats
  A frilled lizard (Sewer)
  6 goblins
  16 kobolds
  8 rats
155 creatures vanquished.

Notes
Turn   | Place    | Note
-------+----------+-------------------------------------------
     0 | D:1      | TacoSundae the Mountain Dwarf Fighter began the quest for
                  | the Orb.
     0 | D:1      | Reached XP level 1. HP: 19/19 MP: 1/1
   337 | D:1      | Reached skill level 3 in Maces & Flails
   434 | D:1      | Reached XP level 2. HP: 26/26 MP: 2/2
   999 | D:2      | Reached skill level 4 in Maces & Flails
  1129 | D:2      | Found a faded altar of an unknown god.
  1347 | D:2      | Reached XP level 3. HP: 31/31 MP: 3/3
  1432 | D:2      | Found an ornate altar of the Wu Jian Council.
  1949 | D:3      | Reached skill level 5 in Maces & Flails
  1976 | D:3      | Found a shimmering altar of Xom.
  2381 | D:4      | Reached XP level 4. HP: 34/38 MP: 4/4
  2418 | D:4      | Noticed an ogre
  2428 | D:4      | Killed an ogre
  2429 | D:4      | Reached skill level 6 in Maces & Flails
  2429 | D:4      | Reached XP level 5. HP: 19/45 MP: 5/5
  2458 | D:4      | Reached skill level 7 in Maces & Flails
  2580 | D:4      | Found a glowing drain.
  2584 | Sewer    | Entered a sewer
  2609 | Sewer    | Reached XP level 6. HP: 51/51 MP: 3/6
  2680 | Sewer    | Reached skill level 8 in Maces & Flails
  3038 | Sewer    | Reached skill level 9 in Maces & Flails
  3308 | D:4      | Reached XP level 7. HP: 44/57 MP: 7/7
  3379 | D:4      | Identified a scroll of acquirement
  3379 | D:4      | Acquired a manual of Maces & Flails
  4101 | D:4      | Found an iron altar of Okawaru.
  4106 | D:4      | Became a worshipper of Warmaster Okawaru
  4393 | D:5      | Entered Level 5 of the Dungeon
  4552 | D:5      | Noticed Duvessa
  4558 | D:5      | Noticed Dowan
  4563 | D:5      | Killed Duvessa
  4564 | D:5      | Reached skill level 10 in Maces & Flails
  4742 | D:5      | Killed Dowan
  4743 | D:5      | Reached XP level 8. HP: 66/67 MP: 8/8
  4832 | D:5      | Found a glowing silver altar of Zin.
  5012 | D:5      | Reached skill level 5 in Fighting
  5012 | D:5      | Reached skill level 5 in Armour
  5012 | D:5      | Reached skill level 5 in Shields
  5031 | D:5      | Reached skill level 11 in Maces & Flails
  5107 | D:5      | Reached * piety under Okawaru
  5204 | D:5      | Found an ornate altar of the Wu Jian Council.
  5246 | D:5      | Found an opulent altar of Gozag.
  5327 | D:5      | Found a snail-covered altar of Cheibriados.
  5964 | D:6      | Found a burning altar of Makhleb.
  5976 | D:6      | Reached XP level 9. HP: 72/75 MP: 9/9
  5986 | D:6      | Noticed Prince Ribbit
  6048 | D:6      | Killed Prince Ribbit
  6049 | D:6      | Reached skill level 12 in Maces & Flails
  6061 | D:6      | Found a basalt altar of Yredelemnul.
  6085 | D:6      | Reached ** piety under Okawaru
  6398 | D:6      | Found a bloodstained altar of Trog.
  6402 | D:6      | Found a shimmering blue altar of Sif Muna.
  6532 | D:6      | Identified the +1 robe of the Wizarding Gods {Int+4 Dex+3}
  6586 | D:6      | Found a staircase to the Ecumenical Temple.
  6595 | Temple   | Entered the Ecumenical Temple
  6835 | D:7      | Found Bebeuth's Magic Scroll Boutique.
  6838 | D:7      | Bought a scroll of identify for 26 gold pieces
  6839 | D:7      | Bought a scroll of identify for 26 gold pieces
  6841 | D:7      | Bought a scroll of blinking for 97 gold pieces
  6841 | D:7      | Bought a scroll of noise for 13 gold pieces
  7011 | D:7      | Found a blossoming altar of Fedhas.
  7030 | D:7      | Reached skill level 13 in Maces & Flails
  7372 | D:7      | Found a glowing golden altar of the Shining One.
  7409 | D:7      | Found a sacrificial altar of Ru.
  7556 | D:7      | Noticed Menkaure
  7565 | D:7      | Killed Menkaure
  7565 | D:7      | Reached *** piety under Okawaru
  7973 | D:8      | Noticed a gargoyle
  7994 | D:8      | Killed a gargoyle
  8021 | D:8      | Paralysed by a hornet for 3 turns
  8023 | D:8      | HP: 1/79 [hornet (3)]
  8024 | D:8      | Succumbed to a hornet's poison

Illustrated notes

Levels and vault maps discovered:
D:1:      tarquinn_simple_flora_water_d, layout_basic, serial_co_window_serial,
          co_window_of_opportunity_a, co_window_corner_a,
          co_window_of_opportunity_a, co_window_paths_a, co_window_paths_a,
          co_window_paths_a, co_window_paths_a, co_window_of_opportunity_a,
          co_window_paths_a, co_window_broadway_c, co_window_2corner,
          co_window_unsneaky_path_b, co_window_4corner_b, kennysheep_doodads
D:2:      layout_loops_ring, shapermc_ecumenical_altar_ellora, basic_altar
D:3:      layout_basic, mainiacjoe_overflow_concentric_impassable
D:4:      layout_basic, mainiacjoe_overflow_alcove_2, gup_sewer_entry_spiral,
          hangedman_minor_gate_pass
D:5:      layout_loops_ring, pdpol_temple_overflow_zin_treasury_gozag_greed,
          amcnicky_altar_gilded, lemuel_round_altar,
          hangedman_decor_peaks_small, uniq_duvessa
D:6:      layout_cave_pools, hellmonk_overflow_destroyed_library,
          mainiacjoe_overflow_small_starburst, kennysheep_little_box,
          minmay_temple_entry_mist, hangedman_decor_opposing,
          uniq_prince_ribbit1
D:7:      layout_basic, fedhas_ov_isle_minmay, nicolae_ru_path_of_blood,
          tso_metal_star, serial_shops, nicolae_shop_rolled_up,
          nrook_loot_triangle, uniq_menkaure
D:8:      layout_loops_ring, general_overflow_altar, vehumet_crystals, hex_tiny,
          uniq_maggie
Temple:   nicolae_temple_stand_before_the_council

Skill      XL: |  1  2  3  4  5  6  7  8  9 |
---------------+----------------------------+-----
Maces & Flails | 3 4 5 6 7 9 10 11 13 | 13.6
Armour         | 4 6 7 |  7.5
Fighting       | 4 5 7 |  7.5
Shields        | 4 6 7 |  7.5

Action                     |  1- 3 |  4- 6 |  7- 9 || total
---------------------------+-------+-------+-------++-------
  Melee: Flail             |   134 |   143 |    72 ||   349
         Mace              |       |       |   441 ||   441
  Throw: Dart              |       |       |     2 ||     2
  Evoke: Wand              |       |       |     2 ||     2
    Use: Scroll            |     9 |     2 |    10 ||    21
         Potion            |       |     3 |     1 ||     4
 Armour: Scale mail        |   100 |    67 |   150 ||   317
         Chain mail        |       |       |    27 ||    27
  Dodge: Dodged            |    64 |    94 |   237 ||   395
  Block: Buckler           |    29 |    20 |    85 ||   134

Table legend: (Time is in decaauts)
 A = Elapsed time spent in this place.
 B = Non-inter-level travel time spent in this place.
 C = Inter-level travel time spent in this place.
 D = Time resting spent in this place.
 E = Time spent auto-exploring this place.
 F = Levels seen in this place.
 G = Mean time per level.
                   A        B        C        D        E       F      G
               +--------+--------+--------+--------+--------+-----+--------+
         Total |   8047 |   7838 |    209 |    872 |   4296 |  10 |  804.7 |
       Dungeon |   7520 |   7311 |    209 |    727 |   4296 |   8 |  940.0 |
        Temple |      1 |      1 |      0 |      0 |      0 |   1 |    1.0 |
         Sewer |    524 |    524 |      0 |    145 |      0 |   1 |  524.0 |
               +--------+--------+--------+--------+--------+-----+--------+

Top non-repeatable levels by time:
     D:4: 1818 daAuts
     D:7: 1258 daAuts
     D:5: 1099 daAuts
     D:6: 1011 daAuts
     D:1: 996 daAuts
     D:2: 745 daAuts
     D:3: 547 daAuts
   Sewer: 524 daAuts
     D:8: 43 daAuts
  Temple: 1 daAuts
